 Dungeon Crawl Stone Soup version 0.31-a0-1589-g8f5e8aebd6 (webtiles) character file.

Game seed: 3082266613446618526

1824 CougarLife the Cleaver (level 8, -10/70 HPs)
             Began as a Minotaur Fighter on Jan 6, 2024.
             Was an Initiate of Okawaru.
             Mangled by Pikel
             ... wielding a +2 whip of electrocution
              (18 damage)
             ... on level 6 of the Dungeon.
             The game lasted 00:09:53 (3906 turns).

CougarLife the Cleaver (Minotaur Fighter)           Turns: 3906, Time: 00:09:54

Health: -10/70     AC:  7    Str: 21    XL:     8   Next: 86%
Magic:  7/7        EV:  9    Int:  7    God:    Okawaru [......]
Gold:   229        SH:  5    Dex: 10    Spells: 7/7 levels left

rFire   + . .        a - +0 war axe
rCold   + . .        c - +0 buckler
rNeg    . . .        b - +0 scale mail
rPois   .            (helmet restricted)
rElec   .            o - scarf {rC+ rF+}
rCorr   .            (no gloves)
SInv    .            (no boots)
Will    .....        (no amulet) Stlth
                     (no ring)
HPRegen 0.31/turn    (no ring)
MPRegen 0.10/turn

%: no passive effects
@: mighty
A: horns 2, retaliatory headbutt
a: Renounce Religion


You were on level 6 of the Dungeon.
You worshipped Okawaru.
Okawaru was noncommittal.
You visited 2 branches of the dungeon, and saw 7 of its levels.

You collected 229 gold pieces.

Inventory:

Hand Weapons
 a - a +0 war axe (weapon)
Missiles
 g - 2 poisoned darts
Armour
 b - a +0 scale mail (worn)
 c - a +0 buckler (worn)
 o - a scarf of resistance (worn)
Jewellery
 t - an amulet of guardian spirit
 y - the ring of Lotankuge {Wiz rElec}
   (You found it on level 5 of the Dungeon)

   [ring of wizardry]

   Wiz:       It improves your spell success rate.
   rElec:     It insulates you from electricity.
Wands
 p - a wand of charming (17)
 A - a wand of flame (25) (quivered)
Scrolls
 e - 4 scrolls of identify {unknown}
 f - 3 scrolls of poison {unknown}
 l - a scroll of fear {unknown}
 m - 3 scrolls of enchant weapon {unknown}
 n - 2 scrolls of revelation {unknown}
 q - 2 scrolls of noise {unknown}
 s - a scroll of summoning {unknown}
 u - a scroll of vulnerability {unknown}
 B - a scroll of blinking {unknown}
Potions
 d - 2 potions of might
 h - 2 potions of curing {unknown}
 i - a potion of attraction {unknown}
 j - a potion of cancellation {unknown}
 k - 2 potions of haste {unknown}
 r - a potion of magic {unknown}
 v - 4 potions of heal wounds {unknown}
 w - a potion of brilliance {unknown}
 x - a potion of degeneration {unknown}
 z - a potion of enlightenment {unknown}
 C - a potion of resistance {unknown}


   Skills:
 + Level 5.7 Fighting
 * Level 10.1 Axes
 - Level 7.0 Armour
 - Level 7.0 Shields


You had 7 spell levels left.
You didn't know any spells.
Your spell library contained the following spells:

 Spells                   Type           Power      Damage    Failure   Level
 Slow                     Hex            0%         N/A       80%         1
 Sublimation of Blood     Necr           0%         N/A       90%         2
 Confusing Touch          Hex            0%         N/A       99%         3
 Sigil of Binding         Hex            0%         N/A       99%         3
 Vampiric Draining        Necr           0%         2d6       99%         3
 Petrify                  Alch/Erth      0%         N/A       100%        4
 Irradiate                Conj/Alch      0%         3d11      100%        5


Dungeon Overview and Level Annotations

Branches:
Dungeon (6/15)             Temple (1/1) D:6

Altars:
Ashenzari
Cheibriados
Elyvilon
Gozag
Hepliaklqana
Makhleb
Okawaru
Qazlal
Ru
Sif Muna
Trog
Uskayaw
Vehumet
Wu Jian
Yredelemnul
The Shining One

Shops:
D:4 !

Annotations:
D:6 Pikel


Innate Abilities, Weirdness & Mutations

You have a pair of horns on your head.
You reflexively headbutt those who attack you in melee.


Message History

You slash the lemure!
You kill the lemure!
That felt strangely unrewarding.
You closely miss the lemure.
The centaur shoots an arrow.
The arrow barely misses you. The lemure hits you.
You feel very mighty all of a sudden. You block the lemure's attack.
The centaur unwields a +0 shortbow.
The centaur hits you but does no damage.
The centaur kicks you but does no damage.
You block the centaur's attack.
The centaur kicks you but does no damage.
Pikel hits you but does no damage. The lemure hits you.
You barely miss Pikel. You barely miss the lemure. You closely miss the lemure.
You slash the centaur! The centaur hits you.
The centaur kicks you but does no damage.
The lemure hits you!
Pikel hits you with a +2 whip of electrocution!
The lemure hits you but does no damage.
You barely miss Pikel.
You hit the lemure. x2; You slash the centaur!
You kill the centaur!
Okawaru accepts your kill.
Pikel hits you with a +2 whip of electrocution!
The lemure hits you but does no damage. The lemure hits you!
* * * LOW HITPOINT WARNING * * *
You closely miss Pikel. You headbutt Pikel!
Pikel is moderately wounded.
You closely miss the lemure. x3; The lemure hits you.
* * * LOW HITPOINT WARNING * * *
You block the lemure's attack.
Pikel hits you with a +2 whip of electrocution.
* * * LOW HITPOINT WARNING * * *
The lemure barely misses you. You furiously retaliate!
You headbutt the lemure! You closely miss Pikel.
Pikel is moderately wounded.
You barely miss the lemure. You hit the lemure. x2
You block the lemure's attack.
Pikel hits you with a +2 whip of electrocution.
* * * LOW HITPOINT WARNING * * *
You are electrocuted!!
You die...
Pikel says, "Another soul for the market."

#. ....... .. ....?(. ## #.
....... ..##. # ##. .?...#
#..... ..... ## .. ..(..##
##..... ....##. .#.......
#...... ##......###5K......
.#...... #.........)@5...#
........ #.....##...5....#
........
####...###.......####.........
##.#.....##.......##...........
##.....#..##.....##.#...........
..........##....................
..###...####...........###+###.
#..##.#............#.....##
#..##..............#.⌠.⌠.##


You could see Pikel and 3 lemures.

Vanquished Creatures
  A black bear (D:6)
  A hornet zombie (D:5)
  2 ice beasts
  2 ogres (D:5)
  2 centaurs (D:6)
  A phantom (D:5)
  A lemure (D:6)
  A bullfrog (D:6)
  3 scorpions (D:5)
  A water moccasin zombie (D:5)
  A water moccasin skeleton (D:5)
  A howler monkey (D:5)
  A bombardier beetle (D:5)
  3 bullfrog zombies (D:5)
  5 hounds (D:5)
  A sleepcap (D:2)
  Natasha (thrice) (D:3)
  An orc wizard (D:4)
  A hound zombie (D:5)
  A hound skeleton (D:5)
  10 adders
  6 gnolls
  A white imp (D:6)
  3 dart slugs
  9 orcs (D:4)
  7 ball pythons
  3 bats
  6 endoplasms
  A giant cockroach (D:1)
  8 goblins
  5 hobgoblins
  8 jackals
  6 quokkas
  4 frilled lizards
  8 kobolds
  8 rats
126 creatures vanquished.

Notes
Turn   | Place    | Note
-------+----------+-------------------------------------------
     0 | D:1      | CougarLife the Minotaur Fighter began the quest for the
                  | Orb.
     0 | D:1      | Reached XP level 1. HP: 19/19 MP: 0/0
    40 | D:1      | Reached XP level 2. HP: 26/26 MP: 1/1
   296 | D:1      | Reached XP level 3. HP: 29/33 MP: 2/2
   769 | D:2      | Reached skill level 3 in Axes
   843 | D:2      | Found an ornate altar of the Wu Jian Council.
   848 | D:2      | Reached skill level 4 in Axes
   848 | D:2      | Reached XP level 4. HP: 39/40 MP: 3/3
   972 | D:2      | Reached skill level 5 in Axes
   976 | D:2      | Reached XP level 5. HP: 29/46 MP: 4/4
  1397 | D:3      | Found a burning altar of Makhleb.
  1487 | D:3      | Noticed Natasha
  1492 | D:3      | Killed Natasha
  1540 | D:3      | Found a white marble altar of Elyvilon.
  1540 | D:3      | Noticed Natasha
  1549 | D:3      | Killed Natasha
  1551 | D:3      | Noticed Natasha
  1560 | D:3      | Killed Natasha
  1561 | D:3      | Reached skill level 6 in Axes
  1831 | D:4      | Reached XP level 6. HP: 49/55 MP: 5/5
  1917 | D:4      | Found a transporter.
  1956 | D:4      | Found Vaof's Distillery.
  2282 | D:4      | Noticed an ice beast
  2287 | D:4      | Reached skill level 5 in Fighting
  2293 | D:4      | Killed an ice beast
  2294 | D:4      | Reached skill level 7 in Axes
  2653 | D:4      | Found a transporter.
  2851 | D:5      | Entered Level 5 of the Dungeon
  2873 | D:5      | Reached skill level 5 in Shields
  2873 | D:5      | Reached XP level 7. HP: 61/61 MP: 6/6
  2900 | D:5      | Reached skill level 8 in Axes
  2903 | D:5      | Reached skill level 5 in Armour
  3023 | D:5      | Reached XP level 8. HP: 64/68 MP: 7/7
  3036 | D:5      | Found a glowing golden altar of the Shining One.
  3185 | D:5      | Identified the ring of Lotankuge {Wiz rElec}
  3200 | D:5      | Reached skill level 9 in Axes
  3804 | D:6      | Found a staircase to the Ecumenical Temple.
  3811 | D:6      | Reached skill level 10 in Axes
  3814 | Temple   | Entered the Ecumenical Temple
  3829 | Temple   | Became a worshipper of Warmaster Okawaru
  3895 | D:6      | Noticed Pikel
  3906 | D:6      | Mangled by Pikel

Illustrated notes

Levels and vault maps discovered:
D:1:      beargit_arrival_greenhouse, layout_basic, serial_forest,
          infiniplex_forest_clump_tiny, infiniplex_forest_corner_1,
          infiniplex_forest_pool, infiniplex_forest_clump_tiny,
          infiniplex_forest_clump_curved, infiniplex_forest_straight_1
D:2:      layout_rooms, basic_altar
D:3:      layout_rooms, lightli_temple_of_fire,
          mainiacjoe_overflow_tiny_flanked, uniq_natasha
D:4:      layout_loops_corners, serial_shops, nicolae_shop_drivethru,
          minivault_25
D:5:      layout_rooms, nicolae_overflow_crystal_walls, serial_undead,
          serial_undead_f, serial_undead_e, serial_undead_b, serial_undead_d,
          serial_undead_e, serial_undead_e, dreamdust_wishing_well,
          cheibrodos_gnoll_hut
D:6:      layout_cave_pools, minmay_temple_entry_hall,
          minmay_misc_feat_ornament, uniq_pikel
Temple:   cyrus_circular_temple

Skill      XL: |  1  2  3  4  5  6  7  8 |
---------------+-------------------------+-----
Shields        | 4 5 6 7 |  7.0
Armour         | 4 5 7 |  7.0
Fighting       | 4 5 |  5.7
Axes           | 4 5 6 7 8 10 | 10.1

Action                     |  1- 3 |  4- 6 |  7- 9 || total
---------------------------+-------+-------+-------++-------
  Melee: War axe           |    74 |   144 |   102 ||   320
         Headbutt          |    13 |    19 |    21 ||    53
  Throw: Dart              |       |     6 |    10 ||    16
    Use: Potion            |       |       |     1 ||     1
 Armour: Scale mail        |    66 |    96 |    85 ||   247
  Dodge: Dodged            |    34 |    66 |    43 ||   143
  Block: Buckler           |    20 |    40 |    24 ||    84

Table legend: (Time is in decaauts)
 A = Elapsed time spent in this place.
 B = Non-inter-level travel time spent in this place.
 C = Inter-level travel time spent in this place.
 D = Time resting spent in this place.
 E = Time spent auto-exploring this place.
 F = Levels seen in this place.
 G = Mean time per level.
                   A        B        C        D        E       F      G
               +--------+--------+--------+--------+--------+-----+--------+
         Total |   3983 |   3824 |    159 |    126 |   2911 |   7 |  569.0 |
       Dungeon |   3953 |   3808 |    145 |    126 |   2911 |   6 |  658.8 |
        Temple |     30 |     16 |     14 |      0 |      0 |   1 |   30.0 |
               +--------+--------+--------+--------+--------+-----+--------+

Top non-repeatable levels by time:
     D:4: 1049 daAuts
     D:1: 785 daAuts
     D:5: 696 daAuts
     D:3: 552 daAuts
     D:2: 529 daAuts
     D:6: 339 daAuts
  Temple: 30 daAuts
